 Dungeon Crawl Stone Soup version 0.24-a0-180-g654ca03 (webtiles) character file.

Game seed: 2053379334585806438

46 Dittersdorf the Skirmisher (level 3, -8/33 HPs)
             Began as a Hill Orc Fighter on Mar 13, 2019.
             Mangled by Sigmund
             ... wielding a +3 scythe of holy wrath
              (11 damage)
             ... on level 2 of the Dungeon.
             The game lasted 00:01:23 (1044 turns).

Dittersdorf the Skirmisher (Hill Orc Fighter)       Turns: 1044, Time: 00:01:23

Health: -8/33      AC:  7    Str: 19    XL:     3   Next: 66%
Magic:  3/3        EV:  7    Int:  8    God:
Gold:   96         SH:  9    Dex: 10    Spells: 2/2 levels left

rFire    . . .     SeeInvis .   a - +0 long sword
rCold    . . .     Gourm    .   c - +0 shield
rNeg     . . .     Faith    .   b - +0 scale mail
rPois    .         Spirit   .   (no helmet)
rElec    .         Reflect  .   (no cloak)
rCorr    .         Harm     .   (no gloves)
MR       .....                  (no boots)
Stlth    ..........             (no amulet)
HPRegen  0.11/turn              (no ring)
MPRegen  0.08/turn              (no ring)

@: no status effects
A: no striking features
a: no special abilities


You were on level 2 of the Dungeon.
You were not hungry.

You visited 1 branch of the dungeon, and saw 2 of its levels.

You collected 96 gold pieces.

Inventory:

Hand Weapons
 a - a +0 long sword (weapon)
Armour
 b - a +0 scale mail (worn)
 c - a +0 shield (worn)
Scrolls
 e - a scroll of enchant armour {unknown}
 h - a scroll of remove curse {unknown}
 j - 3 scrolls of identify {unknown}
 l - a scroll of fear {unknown}
Potions
 d - a potion of might
 i - a potion of curing {unknown}
 k - a potion of lignification {unknown}
 m - a potion of magic {unknown}
 n - a potion of ambrosia {unknown}
Comestibles
 f - 5 rations
 g - 2 chunks of flesh


   Skills:
 + Level 4.2 Fighting
 + Level 2.8 Long Blades
 + Level 3.8 Armour
 + Level 3.7 Shields


You had 2 spell levels left.
You didn't know any spells.
Your spell library was empty.

Dungeon Overview and Level Annotations

Branches:
Dungeon (2/15)

Altars:

Annotations:
D:2 Sigmund


Message History

No target in view!
No target in view!
No target in view!
No target in view!
No target in view!
Something hits you.
You see here a kobold corpse.
Your scale mail prevents you from hitting something.
Something hits you!
You closely miss something. You block something's attack.
Your shield and scale mail prevent you from hitting something.
Something hits you.
Your shield and scale mail prevent you from hitting something.
You closely miss something.
You hear some strange, mumbled words.
A puff of flame appears from out of thin air!
The puff of flame hits you!
* * * LOW HITPOINT WARNING * * *
Something hits you!
You die...

............ ..
#.......... .. #
#....... #. .#
#.#'#### #.####
.###.##+#'####
+....#...............
##.#.#...##...>...##.
..
#....{....#.......##.
....#..#@#...
#.##.#.###'
......<..#..# #.
#.#.##..
###.#.#.##..#
.##.#.##..
#<#..#..###..#.#.##..
#.........##.#.#. #..
##........##.#.# #..
#........##.#.# #..
#........##.#.# #..
#.............#+##..


There were no monsters in sight!

Vanquished Creatures
  2 oozes (D:1)
  4 bats (D:1)
  2 giant cockroaches (D:1)
  6 goblins
  4 hobgoblins (D:1)
  4 jackals (D:1)
  2 kobolds
  2 quokkas (D:2)
  2 frilled lizards (D:1)
  5 rats (D:1)
33 creatures vanquished.

Notes
Turn   | Place    | Note
-------+----------+-------------------------------------------
     0 | D:1      | Dittersdorf the Hill Orc Fighter began the quest for the
                  | Orb.
     0 | D:1      | Reached XP level 1. HP: 19/19 MP: 1/1
    96 | D:1      | Reached XP level 2. HP: 9/27 MP: 2/2
   336 | D:1      | Reached skill level 4 in Fighting
   451 | D:1      | Reached XP level 3. HP: 31/33 MP: 3/3
  1033 | D:2      | Noticed Sigmund
  1044 | D:2      | Mangled by Sigmund

Levels and vault maps discovered:
D:1:      kennysheep_arrival_seaside, layout_rooms, serial_bayou_pond_d,
          minmay_small_reverse_x
D:2:      layout_basic, ashenzari_altar_1, uniq_sigmund

Skill      XL: |  1  2 |
---------------+-------+-----
Fighting       | 4 |  4.2
Long Blades    | |  2.8
Armour         | |  3.8
Shields        | |  3.7

Action                   || total
-------------------------++-------
Melee: Long sword        ||   106
  Eat: Chunk             ||     1
Armor: Scale mail        ||    62
Dodge: Dodged            ||    35
Block: Shield            ||    50
       Rpst.: Long sword ||    14

Table legend:
 A = Non-vault XP
 B = Vault XP
 C = Vault XP percentage of total XP
 D = Non-vault monster count
 E = Vault monster count
 F = Vault count percentage of total count
                 A         B        C        D         E       F
            +---------+---------+-------+---------+---------+-------
      Total |      53 |      13 |  19.7 |      29 |       4 |  12.1
            +---------+---------+-------+---------+---------+-------
        D:1 |      46 |      13 |  22.0 |      25 |       4 |  13.8
        D:2 |       7 |       0 |   0.0 |       4 |       0 |   0.0
            +---------+---------+-------+---------+---------+-------
